 Dungeon Crawl Stone Soup version 0.26-a0-21-gf97e55dc39 (webtiles) character file.

Game seed: 292715254734580247, levelgen mode: deterministic

13216 MisterFreud the Carver (level 12, 0/84 HPs)
             Began as an Octopode Gladiator on May 26, 2020.
             Was a High Priest of Cheibriados.
             Slain by a four-headed hydra (14 damage)
             ... on level 1 of the Lair of Beasts.
             The game lasted 00:15:15 (12788 turns).

MisterFreud the Carver (Octopode Gladiator)        Turns: 12788, Time: 00:15:15

Health: 0/84       AC:  1    Str: 27    XL:     12   Next: 3%
Magic:  25/25      EV: 25    Int: 26    God:    Cheibriados [*****.]
Gold:   118        SH:  7    Dex: 31    Spells: 11/11 levels left

rFire    . . .     SeeInvis .   I - +0 scimitar (flame)
rCold    . . .     Gourm    .   m - +0 buckler
rNeg     + . .     Faith    .   b - +0 hat
rPois    .         Spirit   .   (no amulet)
rElec    .         Reflect  .   y - +6 ring of dexterity
rCorr    .         Harm     .   C - ring of positive energy
MR       +....                  Q - ring of magical power
Stlth    +++.......             L - ring of protection from magic
HPRegen  0.24/turn              J - ring of wizardry
MPRegen  0.19/turn              a - ring of ice
                                E - ring of fire
                                (no ring)

@: very slow
A: almost no armour, stealthy swim, amphibious, 8 rings, constrict 8, camouflage
1, gelatinous body 1
a: Bend Time, Temporal Distortion, Slouch, Step From Time, Renounce Religion


You were on level 1 of the Lair of Beasts.
You worshipped Cheibriados.
Cheibriados was extremely pleased with you.
You were not hungry.

You visited 2 branches of the dungeon, and saw 12 of its levels.
You visited 1 bazaar.

You collected 710 gold pieces.
You spent 592 gold pieces at shops.

Inventory:

Hand Weapons
 l - a +2 long sword of electrocution
 D - a +2 scimitar
 I - a +0 scimitar of flaming (weapon)
 M - the +10 morningstar "Eos" {elec, Halo rElec}
   (You bought it in a shop in a bazaar)

   Occasionally, upon striking a foe, it will discharge some electrical energy
   and cause terrible harm.
   It insulates you from electricity.
Missiles
 c - 5 throwing nets (quivered)
 v - 7 curare-tipped darts
 G - 22 poisoned darts
Armour
 b - a +0 hat (worn)
 m - a +0 buckler (worn)
Jewellery
 a - a ring of ice (on tentacle)
 y - a +6 ring of dexterity (left tentacle)
 C - a ring of positive energy (right tentacle)
 E - a ring of fire (on tentacle)
 J - a ring of wizardry (on tentacle)
 L - a ring of protection from magic (on tentacle)
 Q - a ring of magical power (on tentacle)
Wands
 f - a wand of flame (23)
 o - a wand of polymorph (20)
 K - a wand of disintegration (1)
 R - a wand of digging (2)
Scrolls
 e - a scroll of enchant weapon
 h - 4 scrolls of remove curse
 k - 2 scrolls of teleportation
 n - 3 scrolls of magic mapping
 q - a scroll of enchant armour {unknown}
 r - 3 scrolls of random uselessness
 s - 4 scrolls of amnesia
 u - 3 scrolls of fog
 H - a scroll of identify
Potions
 g - 3 potions of resistance
 i - a potion of lignification
 j - 4 potions of might
 p - 2 potions of mutation
 t - 2 potions of brilliance
 w - a potion of magic
 x - 3 potions of curing
 z - a potion of ambrosia {unknown}
 A - 2 potions of berserk rage
 B - a potion of invisibility {unknown}
 F - a potion of flight {unknown}
 N - a potion of stabbing {unknown}
 O - a potion of degeneration {unknown}
 P - a potion of cancellation {unknown}
Comestibles
 d - 27 rations


   Skills:
 + Level 8.8 Fighting
 + Level 11.5 Long Blades
 - Level 2.0 Throwing
 + Level 10.1 Dodging
 - Level 4.0 Shields
 - Level 6.0 Invocations
 - Level 5.0 Evocations


You had 11 spell levels left.
You didn't know any spells.
Your spell library contained the following spells:

 Spells                   Type           Power        Failure   Level  Hunger
 Shock                    Conj/Air       #...         5%          1    ##.....
 Swiftness                Chrm/Air       #.......     8%          2    ###....
 Static Discharge         Conj/Air       #.......     16%         3    ####...
 Airstrike                Air            #.........   43%         4    #####..
 Lightning Bolt           Conj/Air       #.........   77%         5    ######.


Dungeon Overview and Level Annotations

Branches:
Dungeon (11/15)            Temple (0/1) D:7            Lair (1/6) D:9
    Orc (0/2) D:11

Altars:
Ashenzari
Cheibriados
Fedhas
Kikubaaqudgha
Okawaru


Innate Abilities, Weirdness & Mutations

You cannot wear most types of armour.
You are very stealthy in the water. (Stealth+)
You are amphibious.
You can wear up to eight rings at the same time.
You can use your tentacles to constrict eight enemies at once.
Your skin changes colour to match your surroundings (Stealth+).
Your rubbery body absorbs attacks. (AC +1, EV +1)


Message History

* * * LOW HITPOINT WARNING * * *
You block the five-headed hydra's attack.
The five-headed hydra bites you.
* * * LOW HITPOINT WARNING * * *
Unknown command.
Unknown command.
Unknown command.
Unknown command.
Unknown command.
Unknown command.
Okay, then.
You chop one of the five-headed hydra's heads off!
The flame cauterises the wound!
You slash the four-headed hydra! You burn the four-headed hydra.
You squeeze the four-headed hydra!
The four-headed hydra is severely wounded.
The four-headed hydra bites you.
* * * LOW HITPOINT WARNING * * *
The four-headed hydra completely misses you. x2
The four-headed hydra bites you!
You die...

#........
#......#..........#
.. ....
#......+.......#.##
#....
#......#.......#.#
.+......P.......#.#
................P.#
##......#.........#
........########..#
..................#
.......@...>... ###
.......D.......
...............
.P##...........
...P....######.
.......# ...+....#
...#.....


You could see a four-headed hydra.

Vanquished Creatures
  Fannar (D:10)
  Erica (D:9)
  2 two-headed ogres
  Urug (D:11)
  An unseen horror (D:11)
  An obsidian statue (D:11)
  A manticore (D:11)
  A centaur zombie (D:11)
  Prince Ribbit (D:6)
  Grinder (D:3)
  5 hippogriffs
  A wraith (D:11)
  A vampire (D:10)
  9 yaks
  A basilisk (Lair:1)
  A hungry ghost (D:10)
  Menkaure (D:4)
  3 wargs (D:11)
  A porcupine (Lair:1)
  4 orc warriors
  A black bear (D:8)
  A necrophage (D:7)
  A sky beast (D:7)
  3 ice beasts
  5 ogres
  3 centaurs
  7 bullfrogs
  A wyvern zombie (D:9)
  6 scorpions
  3 jellies
  4 killer bees (D:8)
  A water moccasin skeleton (D:10)
  3 howler monkeys
  8 wights
  2 electric eels (D:6)
  8 crimson imps
  2 quasits
  7 orc priests
  A bullfrog zombie (D:8)
  2 bullfrog skeletons
  A centaur skeleton (D:9)
  4 hounds
  3 iguanas
  3 orc wizards
  8 worker ants
  A hound zombie (D:8)
  2 hound skeletons
  A mummy (D:6)
  Robin (D:3)
  A worker ant zombie (D:8)
  10 adders
  5 shadow imps
  6 worms
  5 dart slugs
  7 leopard geckos
  29 orcs
  3 bats
  6 giant cockroaches
  14 goblins
  4 hobgoblins
  8 jackals
  5 quokkas
  3 frilled lizards
  A hobgoblin zombie (D:6)
  5 kobolds
  A kobold zombie (D:6)
  A leopard gecko skeleton (D:8)
  2 orc zombies (D:6)
  A quokka skeleton (D:4)
  6 rats
254 creatures vanquished.

Notes
Turn   | Place    | Note
-------+----------+-------------------------------------------
     0 | D:1      | MisterFreud the Octopode Gladiator began the quest for the
                  | Orb.
     0 | D:1      | Reached XP level 1. HP: 14/14 MP: 1/1
   157 | D:1      | Reached XP level 2. HP: 19/20 MP: 2/2
   991 | D:2      | Reached XP level 3. HP: 25/26 MP: 3/3
  1247 | D:2      | Reached skill level 1 in Shields
  2132 | D:3      | Reached XP level 4. HP: 33/33 MP: 4/4
  2343 | D:3      | Reached XP level 5. HP: 13/37 MP: 5/5
  3056 | D:3      | Noticed Robin
  3224 | D:3      | Killed Robin
  3537 | D:3      | Found a shattered altar of Ashenzari.
  3542 | D:3      | Noticed Grinder
  3584 | D:3      | Paralysed by Grinder for 4 turns
  3589 | D:3      | Killed Grinder
  3589 | D:3      | Reached skill level 4 in Long Blades
  3589 | D:3      | Reached XP level 6. HP: 31/43 MP: 6/6
  3812 | D:3      | Reached skill level 5 in Long Blades
  4049 | D:4      | Reached XP level 7. HP: 45/48 MP: 7/7
  4167 | D:4      | Noticed Menkaure
  4174 | D:4      | Killed Menkaure
  4174 | D:4      | Reached skill level 6 in Long Blades
  4294 | D:4      | Found an iron altar of Okawaru.
  4294 | D:4      | Found a blossoming altar of Fedhas.
  4295 | D:4      | Found a snail-covered altar of Cheibriados.
  4921 | D:4      | Became a worshipper of Cheibriados the Contemplative
  5058 | D:5      | Entered Level 5 of the Dungeon
  5321 | D:5      | Reached skill level 5 in Dodging
  5415 | D:5      | Reached XP level 8. HP: 54/54 MP: 8/8
  5551 | D:6      | Noticed Prince Ribbit
  5560 | D:6      | Killed Prince Ribbit
  6078 | D:6      | Reached * piety under Cheibriados
  6326 | D:6      | Reached skill level 1 in Evocations
  6570 | D:7      | Reached XP level 9. HP: 58/58 MP: 11/11
  6842 | D:7      | Reached skill level 5 in Evocations
  7105 | D:7      | Found a staircase to the Ecumenical Temple.
  7230 | D:7      | Reached ** piety under Cheibriados
  7396 | D:7      | Reached skill level 5 in Fighting
  7636 | D:7      | Reached skill level 7 in Long Blades
  8183 | D:8      | Reached skill level 8 in Long Blades
  8289 | D:8      | Reached XP level 10. HP: 25/68 MP: 13/13
  8505 | D:8      | Identified a scroll of acquirement
  8540 | D:8      | Reached skill level 9 in Long Blades
  8638 | D:8      | Reached *** piety under Cheibriados
  9401 | D:9      | Noticed Erica
  9409 | D:9      | Killed Erica
  9409 | D:9      | Reached skill level 10 in Long Blades
  9724 | D:9      | Reached **** piety under Cheibriados
  9942 | D:9      | Found a staircase to the Lair.
 10071 | D:9      | Reached skill level 5 in Invocations
 10325 | D:10     | Entered Level 10 of the Dungeon
 10343 | D:10     | Noticed a two-headed ogre
 10351 | D:10     | Killed a two-headed ogre
 10673 | D:10     | Found the +3 Elemental Staff {rElec rF++ rC++ MR++ AC+5}
 10673 | D:10     | Noticed a gargoyle
 10673 | D:10     | Noticed an ogre mage
 10673 | D:10     | Noticed a gargoyle
 10842 | D:10     | Reached XP level 11. HP: 48/74 MP: 15/15
 11264 | D:10     | Noticed Fannar
 11278 | D:10     | Killed Fannar
 11485 | D:11     | Found a staircase to the Orcish Mines.
 11703 | D:11     | Noticed a manticore
 11707 | D:11     | Killed a manticore
 11779 | D:11     | Found a gateway to a bazaar.
 11779 | D:11     | Noticed an obsidian statue
 11795 | D:11     | Killed an obsidian statue
 11799 | Bazaar   | Entered a bazaar
 11799 | Bazaar   | Found Sikaumug's Armour Boutique.
 11799 | Bazaar   | Found Wapou's Antique Weapon Shop.
 11799 | Bazaar   | Found Askuixush's Weapon Shop.
 11900 | Bazaar   | Bought the +10 morningstar "Eos" {elec, Halo rElec} for 592
                  | gold pieces
 11900 | Bazaar   | Found the +10 morningstar "Eos" {elec, Halo rElec}
 11929 | D:11     | Killed an unseen horror
 11929 | D:11     | Reached skill level 11 in Long Blades
 12003 | D:11     | Noticed a hell beast
 12003 | D:11     | Found an ancient bone altar of Kikubaaqudgha.
 12029 | D:11     | Reached ***** piety under Cheibriados
 12324 | D:11     | Noticed a two-headed ogre
 12331 | D:11     | Killed a two-headed ogre
 12451 | D:11     | Reached skill level 10 in Dodging
 12462 | D:11     | Noticed Urug
 12469 | D:11     | Killed Urug
 12469 | D:11     | Reached XP level 12. HP: 55/84 MP: 16/16
 12702 | Lair:1   | Entered Level 1 of the Lair of Beasts
 12777 | Lair:1   | Noticed a seven-headed hydra
 12788 | Lair:1   | Slain by a four-headed hydra

Illustrated notes

Levels and vault maps discovered:
D:1:      mrwooster_arrival_arrow, layout_basic
D:2:      layout_basic
D:3:      kennysheep_goblin_castle, layout_rooms, nicolae_ashenzari_panopticon,
          uniq_grinder
D:4:      layout_loops_ring, gammafunk_temple_overflow_forgotten, first_ration,
          kennysheep_generic_room_14, uniq_menkaure
D:5:      layout_cave_pools
D:6:      layout_rooms, chequers_big_river, minmay_mini_ossuary,
          uniq_prince_ribbit1
D:7:      layout_cave_pools, minmay_temple_entry_mini_moons
D:8:      layout_cave_pods, grunt_ogre_cave, kennysheep_generic_room_6
D:9:      layout_loops_corners, lair_entry_dummy, uniq_erica
D:10:     layout_basic, minivault_12, uniq_fannar
D:11:     layout_long_grid, minmay_orc_entry_guard_dogs, serial_shops,
          statue_bzr, nrook_mini_vaults, lemuel_hellish_altar, uniq_urug
Lair:1:   layout_regular_city, lemuel_fruit_fields, grunt_megastairs_4,
          lemuel_fruit_fields, minmay_lair_oklob_chamber

Skill      XL: |  1  2  3  4  5  6  7  8  9 10 11 |
---------------+----------------------------------+-----
Fighting       | 3 4 6 8 |  8.8
Shields        | 1 2 4 |  4.0
Long Blades    | 4 5 6 8 10 11 | 11.5
Dodging        | 5 8 10 | 10.1
Evocations     | 3 5 |  5.0
Invocations    | 6 |  6.0
Throwing       | |  2.0

Action                   |  1- 3 |  4- 6 |  7- 9 | 10-12 || total
-------------------------+-------+-------+-------+-------++-------
Melee: Long sword        |    59 |    92 |   128 |   207 ||   486
       Constrict         |    21 |    27 |    71 |    37 ||   156
       Tentacles         |    11 |    27 |    75 |    97 ||   210
       Scimitar          |       |       |    72 |    10 ||    82
Evoke: Wand              |       |       |     2 |     3 ||     5
  Use: Potion            |       |     1 |     1 |     2 ||     4
       Scroll            |       |       |       |    17 ||    17
 Stab: Sleeping          |     6 |     3 |    13 |     6 ||    28
       Distracted        |       |       |     1 |       ||     1
  Eat: Chunk             |     4 |     6 |    10 |     7 ||    27
Armor: Skin              |     5 |     3 |     5 |       ||    13
Dodge: Dodged            |    31 |    56 |   157 |   170 ||   414
Block: Buckler           |     8 |    21 |    51 |    60 ||   140
       Rpst.: Long sword |     7 |     9 |    29 |    35 ||    80
       Scimitar          |       |       |    12 |       ||    12

Table legend:
 A = Non-vault XP
 B = Vault XP
 C = Vault XP percentage of total XP
 D = Non-vault monster count
 E = Vault monster count
 F = Vault count percentage of total count
                 A         B        C        D         E       F
            +---------+---------+-------+---------+---------+-------
      Total |   13820 |    5061 |  26.8 |     215 |      39 |  15.4
            +---------+---------+-------+---------+---------+-------
        D:1 |      26 |       0 |   0.0 |      15 |       0 |   0.0
        D:2 |      51 |       0 |   0.0 |      12 |       0 |   0.0
        D:3 |     172 |     343 |  66.6 |      22 |      21 |  48.8
        D:4 |     244 |     203 |  45.4 |      13 |       2 |  13.3
        D:5 |     183 |       0 |   0.0 |       7 |       0 |   0.0
        D:6 |     753 |     308 |  29.0 |      18 |       6 |  25.0
        D:7 |    1370 |       0 |   0.0 |      27 |       0 |   0.0
        D:8 |    1780 |     308 |  14.8 |      36 |       3 |   7.7
        D:9 |    1094 |     944 |  46.3 |      15 |       1 |   6.2
       D:10 |    2516 |     969 |  27.8 |      13 |       1 |   7.1
       D:11 |    5295 |    1986 |  27.3 |      35 |       5 |  12.5
     Lair:1 |     336 |       0 |   0.0 |       2 |       0 |   0.0
            +---------+---------+-------+---------+---------+-------
